 Dungeon Crawl Stone Soup version 0.31.0-12-g77e489cdc1 (webtiles) character file.

Game seed: 4762245765207244230

157 jagang the Trooper (level 5, -3/42 HPs)
             Began as a Human Monk on Mar 6, 2024.
             Succumbed to a scorpion's poison
             ... on level 4 of the Dungeon on Mar 7, 2024.
             The game lasted 00:05:43 (2720 turns).

jagang the Trooper (Human Monk)                     Turns: 2720, Time: 00:05:43

Health: -3/42      AC: 11    Str:  9 (11) XL:     5   Next: 38%
Magic:  5/5        EV:  9    Int:  9 (11) God:
Gold:   159        SH:  0    Dex: 14 (17) Spells: 4/4 levels left

rFire   . . .        u - +0 long sword
rCold   . . .        d - orb {light}
rNeg    . . .        n - +0 scale mail
rPois   .            e - +0 helmet
rElec   .            f - +0 cloak
rCorr   .            p - +1 pair of gloves
SInv    .            (no boots)
Will    .....        (no amulet) Stlth
                     (no ring)
HPRegen 0.27/turn    (no ring)
MPRegen 0.09/turn

%: no passive effects
@: brilliant, lethally poisoned (-3 -> -23), glowing
A: explore regen
a: no special abilities


You were on level 4 of the Dungeon.
You visited 1 branch of the dungeon, and saw 4 of its levels.

You collected 159 gold pieces.

Inventory:

Hand Weapons
 u - a +0 long sword (weapon)
Missiles
 i - 11 poisoned darts (quivered)
Armour
 d - an orb of light (worn)
 e - a +0 helmet (worn)
 f - a +0 cloak (worn)
 n - a +0 scale mail (worn)
 p - a +1 pair of gloves (worn)
Jewellery
 o - a ring of see invisible
 r - a ring of ice
Wands
 q - a wand of quicksilver (3)
Scrolls
 b - a scroll of silence {unknown}
 h - 2 scrolls of identify {unknown}
 k - 4 scrolls of noise {unknown}
 l - a scroll of fear {unknown}
 m - a scroll of enchant weapon {unknown}
Potions
 c - a potion of ambrosia
 g - a potion of degeneration
 s - a potion of attraction {unknown}
 t - a potion of curing {unknown}


   Skills:
 + Level 4.2 Fighting
 + Level 4.1 Long Blades
 + Level 2.5 Armour
 - Level 3.0 Dodging


You had 4 spell levels left.
You didn't know any spells.
Your spell library was empty.

Dungeon Overview and Level Annotations

Branches:
Dungeon (4/15)
 Temple: D:4-7

Altars:
Yredelemnul

Shops:
D:4 (


Innate Abilities, Weirdness & Mutations

You regain HP and MP as you explore.


Message History

The scorpion is severely wounded.
You feel sick.
You are no longer poisoned.
The scorpion barely misses you.
You hit the scorpion.
The scorpion is almost dead.
The scorpion stings you but does no damage. x2
You barely miss the scorpion.
The scorpion is almost dead.
The scorpion stings you.
* * * LOW HITPOINT WARNING * * *
You completely miss the scorpion.
The scorpion is almost dead.
The scorpion barely misses you.
The scorpion stings you but does no damage.
You barely miss the scorpion.
The scorpion is almost dead.
The scorpion stings you but does no damage.
You hit the scorpion.
The scorpion is almost dead.
The scorpion barely misses you.
You hit the scorpion but do no damage.
The scorpion is almost dead.
The scorpion stings you.
* * * LOW HITPOINT WARNING * * *
You are lethally poisoned!
The scorpion poisons you!
The scorpion stings you but does no damage.
It was a potion of degeneration.
There was something very wrong with that liquid.
You feel weakened.
You feel dopey.
You feel clumsy.
You hear the slow hiss of a distant avalanche of sand.
* * * LOW HITPOINT WARNING * * *
You feel sick. The scorpion stings you.
* * * LOW HITPOINT WARNING * * *
You are more poisoned.
The scorpion poisons you!
It was a potion of brilliance.
You feel clever all of a sudden.
You die...

## .. #.. .. ##.##
.# # ## #P.P# .. <#
..# ##≈.≈## .# ..#
.♣.##≈≈.≈≈###.#...#
...P≈≈≈.≈≈≈P#.....#
8.......)...@s....#
...P≈≈≈.≈≈≈P#.......
.♣.##≈≈.≈≈####......
###≈.≈###..#..###
#.#P.P#... ..#
#.##.##.#### .#
#........... .
#........... ##
#....###.#######
#####


You could see a scorpion.

Vanquished Creatures
  A bombardier beetle (D:3)
  2 adders (D:2)
  4 gnolls (D:2)
  2 ribbon worms
  An orc (D:3)
  7 endoplasms
  4 giant cockroaches
  2 goblins (D:1)
  5 hobgoblins
  3 jackals (D:2)
  5 kobolds
  3 quokkas
  6 ball pythons
  3 bats
  4 frilled lizards (D:1)
  8 rats
60 creatures vanquished.

Notes
Turn   | Place    | Note
-------+----------+-------------------------------------------
     0 | D:1      | jagang the Human Monk began the quest for the Orb.
     0 | D:1      | Reached XP level 1. HP: 18/18 MP: 1/1
   213 | D:1      | Reached XP level 2. HP: 22/24 MP: 2/2
   438 | D:1      | Reached skill level 1 in Armour
   946 | D:1      | Reached XP level 3. HP: 29/29 MP: 3/3
  1553 | D:2      | Reached XP level 4. HP: 14/37 MP: 4/4
  2134 | D:2      | Found a basalt altar of Yredelemnul.
  2307 | D:3      | Reached XP level 5. HP: 42/42 MP: 5/5
  2655 | D:4      | Found Ifecurgh's Weapon Shop.
  2719 | D:4      | HP: 2/42 [scorpion (1)]
  2720 | D:4      | Succumbed to a scorpion's poison

Illustrated notes

Levels and vault maps discovered:
D:1:      kilobyte_arrival_exit_the_forest, layout_basic, minivault_5,
          minmay_crystal_water
D:2:      layout_loops_cross, basic_altar
D:3:      layout_basic, mainiacjoe_overflow_six_doors_small,
          minmay_misc_feat_rows
D:4:      layout_basic, nicolae_wu_jian_wuxing_cycle, serial_shops,
          nicolae_shop_tiny_waterfront, nicolae_ossuary_entry_plus,
          dreamdust_princess_bridge, minmay_quadrilaterals

Skill      XL: |  1  2  3  4  5 |
---------------+----------------+-----
Armour         | 1 2 |  2.5
Fighting       | 4 |  4.2
Long Blades    | 4 |  4.1
Dodging        | |  3.0

Action                     |  1- 3 |  4- 6 || total
---------------------------+-------+-------++-------
  Melee: Falchion          |    80 |    75 ||   155
         Long sword        |       |    21 ||    21
  Throw: Dart              |     6 |    11 ||    17
    Use: Potion            |       |     2 ||     2
 Armour: Robe              |    16 |       ||    16
         Leather armour    |    32 |       ||    32
         Scale mail        |     7 |    73 ||    80
  Dodge: Dodged            |    44 |    39 ||    83
